 Dungeon Sprint DCSS version 0.22-a0-81-g7478db5 (webtiles) character file.

2594 Kidiri the Thaumaturge (level 9, -3/85 HPs)
             Began as a Purple Draconian Transmuter on Jan 18, 2018.
             Was a High Priest of Sif Muna.
             Slain by a red devil
             ... wielding a +0 trident
              (11 damage)
             ... in the Dungeon (Sprint VII: "The Pits").
             The game lasted 00:05:52 (1289 turns).

Kidiri the Thaumaturge (DrTm)                       Turns: 1289, Time: 00:05:52

Health: -3/85      AC:  8    Str: 18    XL:     9   Next: 33%
Magic:  18/23      EV: 15    Int: 12    God:    Sif Muna [*****.]
Gold:   0          SH:  0    Dex: 14    Spells: 13/28 levels left

rFire    . . .     SeeInvis .     - Unarmed
rCold    . . .     Gourm    .   (no shield)
rNeg     . . .     Faith    .   (armour unavailable)
rPois    .         Spirit   .   (helmet restricted)
rElec    .         Reflect  .   s - +0 cloak
rCorr    .         Harm     .   (no gloves)
MR       +....     NoTele   +   (no boots)
Stlth    +++.......             (no amulet)
HPRegen  0.24/turn              (no ring)
MPRegen  0.18/turn              (no ring)

@: mighty, short of breath, berserk cooldown, very slightly contaminated,
slowed, very slow
A: breathe power, unfitting armour, fangs 1, hooves 1, stinger 1, dopey 1,
cold-blooded, AC +7
a: Breathe Dispelling Energy, Divine Energy, Channel Magic, Forget Spell,
Renounce Religion


You were in the Dungeon.
You worshipped Sif Muna.
Sif Muna was extremely pleased with you.
You were not hungry.

You visited 1 branch

Inventory:

Missiles
 a - 12 arrows
Armour
 s - a +0 cloak (worn)
Jewellery
 p - a +3 ring of strength
 q - a +3 ring of strength
Scrolls
 k - 3 scrolls of remove curse
 l - 5 scrolls of amnesia
 m - a scroll of summoning
Potions
 d - 8 potions of curing
 f - 2 potions of haste
 g - 4 potions of magic
 h - 3 potions of berserk rage
 j - 2 potions of invisibility
Books
 b - a book of Changes

   Spells                             Type                      Level
   a - Beastly Appendage              Transmutation                1
   b - Sticks to Snakes               Transmutation                2
   c - Spider Form                    Transmutation/Poison         3
   d - Ice Form                       Ice/Transmutation            4
   e - Blade Hands                    Transmutation                5
 o - Sif Muna's Almanac of Harmful Feathers
   (Sif Muna gifted it to you in the Dungeon)

   Spells                             Type                      Level
   a - Sting                          Conjuration/Poison           1
   b - Throw Flame                    Conjuration/Fire             2
   c - Conjure Flame                  Conjuration/Fire             3
   d - Summon Lightning Spire         Summoning/Air                4
   e - Conjure Ball Lightning         Conjuration/Air              6
Comestibles
 c - 8 rations


   Skills:
 * Level 9.9 Fighting
 + Level 6.1 Dodging
 + Level 6.5 Stealth
 * Level 9.6 Unarmed Combat
 * Level 10.2 Spellcasting
 + Level 6.6 Transmutations
 + Level 5.3 Ice Magic
 + Level 5.1 Poison Magic
 + Level 6.8 Invocations


You had 13 spell levels left.
You knew the following spells:

 Your Spells              Type           Power        Failure   Level  Hunger
a - Beastly Appendage     Tmut           ###...       1%          1    None
b - Sticks to Snakes      Tmut           ###.....     1%          2    None
c - Spider Form           Tmut/Pois      ###.......   3%          3    ##.....
d - Ice Form              Ice/Tmut       ###.....     10%         4    ####...
e - Blade Hands           Tmut           ###.......   21%         5    #####..


Dungeon Overview and Level Annotations

Branches:
Dungeon (1/1)

Altars:
Ashenzari
Cheibriados
Dithmenos
Elyvilon
Fedhas
Gozag
Hepliaklqana
Kikubaaqudgha
Makhleb
Nemelex Xobeh
Okawaru
Qazlal
Ru
Sif Muna
Trog
Uskayaw
Vehumet
Wu Jian
Xom
Yredelemnul
Zin
The Shining One
Beogh
Jiyva
Lugonu

Annotations:
D exclusions: 4 doors and 4 more exclusions


Innate Abilities, Weirdness & Mutations

You can breathe bolts of dispelling energy.
Your rich purple scales are hard. (AC +7)
You cannot fit into any form of body armour.
You are cold-blooded and may be slowed by cold attacks.
You have very sharp teeth.
You have large cloven feet.
Your tail ends in a poisonous barb.
You are dopey. (Int -2)


Message History

The big kobold closely misses you.
The red devil hits you from afar with a trident!
* * * LOW HITPOINT WARNING * * *
You punch the big kobold!
The big kobold is almost dead.
The big kobold misses you. The red devil misses you.
The big kobold hits you with a dagger.
* * * LOW HITPOINT WARNING * * *
Unknown command.
You feel better.
The red devil hits you from afar with a trident.
* * * LOW HITPOINT WARNING * * *
The big kobold barely misses you.
The red devil hits you from afar with a trident.
* * * LOW HITPOINT WARNING * * *
Unknown command.
You feel very mighty all of a sudden. The big kobold closely misses you.
The red devil hits you from afar with a trident!
You die...

###+##................#
))+.##......#..#......#
###.##................+
.....+................+
+#####......#..#......#
.#..##................#
.#))#####+#####))######
.#))##.......##)†#####
##))##.......##.@....#
.#[[##.......##.K....#
.#+###...<...###4...##
....##.......# ##''##
....##.......# #..).#
######.......##..(...#
##..###########......+
.#.############......#
##.#....#..[[###....##


You could see a red devil and a big kobold.

Vanquished Creatures
  4 kobold demonologists (D)
  A merfolk (D)
  A fire bat (D)
  A steam dragon (D)
  A warg (D)
  A floating eye (D)
  A black bear (D)
  An orc warrior (D)
  A necrophage (D)
  A wolf (D)
  4 big kobolds (D)
  A bullfrog (D)
  A gnoll sergeant (D)
  An iron imp (D)
  A worker ant (D)
  5 gnolls (D)
  An ooze (D)
  An adder skeleton (D)
  A bat (D)
  A giant cockroach (D)
  2 jackals (D)
  3 kobolds (D)
  A quokka (D)
  A ball python zombie (D)
  A frilled lizard (D)
  A rat (D)
39 creatures vanquished.

Notes
Turn   | Place    | Note
-------+----------+-------------------------------------------
     0 | D        | Kidiri the Draconian Transmuter began the quest for the Orb.
     0 | D        | Reached XP level 1. HP: 16/16 MP: 3/3
    64 | D        | Found a bloodstained altar of Trog.
    64 | D        | Found a deep blue altar of Sif Muna.
    64 | D        | Found a viscous altar of Jiyva.
    64 | D        | Found a hazy altar of Hepliaklqana.
    64 | D        | Found an opulent altar of Gozag.
    65 | D        | Found a glowing golden altar of the Shining One.
    65 | D        | Found a glowing silver altar of Zin.
    65 | D        | Found a basalt altar of Yredelemnul.
    65 | D        | Found a shimmering altar of Xom.
    65 | D        | Found an ornate altar of the Wu Jian Council.
    65 | D        | Found a sacrificial altar of Ru.
    65 | D        | Found a stormy altar of Qazlal.
    65 | D        | Found an iron altar of Okawaru.
    65 | D        | Found a sparkling altar of Nemelex Xobeh.
    65 | D        | Found a burning altar of Makhleb.
    65 | D        | Found a blossoming altar of Fedhas.
    65 | D        | Found a white marble altar of Elyvilon.
    65 | D        | Found a shadowy altar of Dithmenos.
    65 | D        | Found a snail-covered altar of Cheibriados.
    67 | D        | Found a radiant altar of Vehumet.
    67 | D        | Found a corrupted altar of Lugonu.
    67 | D        | Found a roughly hewn altar of Beogh.
    68 | D        | Found a hide-covered altar of Uskayaw.
    68 | D        | Found an ancient bone altar of Kikubaaqudgha.
    68 | D        | Found a shattered altar of Ashenzari.
    72 | D        | Became a worshipper of Sif Muna the Loreminder
   143 | D        | Noticed a worker ant
   146 | D        | Killed a worker ant
   146 | D        | Reached skill level 1 in Stealth
   146 | D        | Reached skill level 3 in Spellcasting
   146 | D        | Reached skill level 1 in Invocations
   146 | D        | Reached XP level 2. HP: 26/26 MP: 4/6
   146 | D        | Reached XP level 3. HP: 31/31 MP: 4/7
   147 | D        | Noticed a necrophage
   147 | D        | Noticed a floating eye
   150 | D        | Paralysed by a floating eye for 2 turns
   153 | D        | Killed a floating eye
   153 | D        | Reached * piety under Sif Muna
   153 | D        | Reached skill level 5 in Unarmed Combat
   153 | D        | Reached skill level 4 in Spellcasting
   153 | D        | Reached XP level 4. HP: 40/40 MP: 5/10
   155 | D        | Killed a necrophage
   155 | D        | Reached ** piety under Sif Muna
   155 | D        | Reached skill level 5 in Fighting
   155 | D        | Reached skill level 5 in Spellcasting
   155 | D        | Reached XP level 5. HP: 49/49 MP: 5/12
   184 | D        | Learned a level 2 spell: Sticks to Snakes
   188 | D        | Learned a level 3 spell: Spider Form
   193 | D        | Learned a level 4 spell: Ice Form
   230 | D        | Noticed a warg
   257 | D        | Reached skill level 1 in Ice Magic
   257 | D        | Reached skill level 1 in Poison Magic
   257 | D        | Reached XP level 6. HP: 46/56 MP: 6/14
   272 | D        | Reached *** piety under Sif Muna
   272 | D        | Reached skill level 6 in Spellcasting
   305 | D        | Killed a warg
   305 | D        | Reached skill level 5 in Transmutations
   305 | D        | Your scales start taking on a rich purple colour.
   305 | D        | Reached skill level 7 in Spellcasting
   305 | D        | Reached XP level 7. HP: 36/66 MP: 9/18
   322 | D        | Learned a level 5 spell: Blade Hands
   531 | D        | Reached **** piety under Sif Muna
   531 | D        | Reached skill level 8 in Spellcasting
   531 | D        | Reached skill level 5 in Invocations
   534 | D        | Noticed a fire bat
   544 | D        | Reached skill level 5 in Stealth
   550 | D        | Killed a fire bat
   550 | D        | Reached skill level 5 in Dodging
   550 | D        | Reached XP level 8. HP: 29/74 MP: 7/20
   754 | D        | Noticed a merfolk
   771 | D        | Killed a merfolk
   771 | D        | Reached ***** piety under Sif Muna
   771 | D        | Identified Sif Muna's Almanac of Harmful Feathers (Sif Muna gifted it to you in the Dungeon)
   771 | D        | Received a gift from Sif Muna
   771 | D        | Reached skill level 9 in Spellcasting
   808 | D        | Gained mutation: Your tail ends in a poisonous barb. [potion of mutation]
   808 | D        | Gained mutation: Your tail ends in a sharp poisonous barb. [potion of mutation]
   808 | D        | Gained mutation: You have very sharp teeth. [potion of mutation]
   809 | D        | Lost mutation: Your tail ends in a sharp poisonous barb. [potion of mutation]
   809 | D        | Lost mutation: Your tail ends in a poisonous barb. [potion of mutation]
   809 | D        | Gained mutation: You are dopey. (Int -2) [potion of mutation]
   809 | D        | Gained mutation: Your tail ends in a poisonous barb. [potion of mutation]
   809 | D        | Gained mutation: You have large cloven feet. [potion of mutation]
  1247 | D        | Noticed a red devil
  1247 | D        | Noticed a kobold demonologist
  1247 | D        | Noticed a kobold demonologist
  1247 | D        | Noticed a kobold demonologist
  1247 | D        | Noticed a kobold demonologist
  1249 | D        | Noticed a hellwing
  1252 | D        | Noticed an ice devil
  1261 | D        | Noticed an orange demon
  1267 | D        | Noticed a rust devil
  1269 | D        | Noticed a red devil
  1269 | D        | Killed a kobold demonologist
  1273 | D        | Killed a kobold demonologist
  1273 | D        | Reached XP level 9. HP: 44/84 MP: 15/22
  1275 | D        | Noticed a rust devil
  1275 | D        | Killed a kobold demonologist
  1275 | D        | Reached skill level 10 in Spellcasting
  1275 | D        | Reached skill level 5 in Ice Magic
  1278 | D        | Killed a kobold demonologist
  1278 | D        | Reached skill level 5 in Poison Magic
  1289 | D        | Slain by a red devil

Vault maps used:
D:        pitsprint

Skill      XL: |  1  2  3  4  5  6  7  8  9 |
---------------+----------------------------+-----
Dodging        | 2 3 4 5 6 |  6.1
Fighting       | 3 4 5 6 7 8 9 |  9.9
Stealth        | 1 2 3 4 5 6 |  6.5
Unarmed Combat | 4 5 6 7 8 9 |  9.6
Spellcasting   | 3 4 5 7 8 9 10 | 10.2
Invocations    | 1 2 3 4 5 6 |  6.8
Transmutations | 3 4 5 6 |  6.6
Ice Magic      | 1 2 3 4 5 |  5.3
Poison Magic   | 1 2 3 4 5 |  5.1

Action                   |  1- 3 |  4- 6 |  7- 9 || total
-------------------------+-------+-------+-------++-------
Melee: Unarmed           |    19 |    45 |    55 ||   119
       Headbutt          |     5 |       |       ||     5
       Tailslap          |     2 |     1 |     7 ||    10
       Kick              |       |       |     9 ||     9
       Bite              |       |       |     1 ||     1
 Cast: Beastly Appendage |     4 |       |       ||     4
       Spider Form       |       |     2 |       ||     2
       Ice Form          |       |     1 |       ||     1
       Blade Hands       |       |       |     5 ||     5
 Abil: Breathe Dispellin |       |       |     2 ||     2
  Use: Potion            |     1 |     5 |    10 ||    16
       Scroll            |       |       |     1 ||     1
 Stab: Sleeping          |     1 |       |       ||     1
  Eat: Chunk             |       |       |     2 ||     2
       Ration            |       |       |     1 ||     1
Armor: Skin              |     9 |     5 |    18 ||    32
Dodge: Dodged            |    15 |    37 |    79 ||   131

Table legend:
 A = Spawn XP
 B = Non-spawn XP
 C = Spawn XP percentage of total XP
 D = Spawn monster count
 E = Non-spawn monster count
 F = Spawn count percentage of total count
 G = Total turns spent on level
                    A         B        C        D         E        F      G
               +---------+---------+-------+---------+---------+-------+---------
         Total |       0 |    3706 |   0.0 |       0 |      39 |   0.0 |  1289
               +---------+---------+-------+---------+---------+-------+---------
             D |       0 |    3706 |   0.0 |       0 |      39 |   0.0 |  1289
               +---------+---------+-------+---------+---------+-------+---------
